Map: Catalyst LE

Players

SpeCial - Winner!

  • Race: Terran Terran
  • League: Master
  • Spawn Location: 5:00

Scarlett

  • Race: Zerg Zerg
  • League: Master
  • Spawn Location: 11:00

VOD

Have the link to the VOD?

Description

Time

  • Played on: Dec. 24, 2017, 10 p.m.
  • Length: 16:50
Show
View Real Time Build Order
Export as new Build Order

SpeCial Terran - Winner!

Build Orders: Cyclone Opening, Gas First Reaper Expand, Reaper Expand 

Get SALT Encoding   

  12  0:00  SCV  
  13  0:13  SCV  
  14  0:18  Supply Depot  
  14  0:25  SCV  
  15  0:29  Refinery  
  15  0:40  SCV  
  16  0:45  Barracks  
  16  0:52  SCV  
  17  1:04  SCV  
  18  1:16  SCV  
  19  1:32  Reaper, Orbital Command  
  20  1:44  Command Center  
  20  1:54  Factory  
  20  1:58  SCV  
  21  2:06  Barracks Reactor  
  21  2:09  Supply Depot  
  21  2:11  SCV  
  22  2:19  Refinery  
  22  2:23  SCV  
  23  2:35  Bunker, SCV  
  23  2:40  Supply Depot  
  23  2:43  Cyclone, Marine  
  23  2:44  Marine  
  27  2:48  SCV  
  28  3:00  SCV  
  28  3:01  Marine x2  
  30  3:09  Bunker  
  30  3:12  SCV  
  31  3:13  Supply Depot  
  31  3:19  Marine  
  26  3:28  Marine  
  21  3:37  Cyclone  
  22  3:44  Marine  
  18  4:02  Bunker  
  17  4:05  Marine  
  18  4:18  Cyclone  
  18  4:21  Marine  
  23  4:32  Supply Depot  
  23  4:40  SCV  
  23  4:54  Marine, SCV  
  23  4:55  Supply Depot  
  25  5:06  SCV  
  26  5:12  Marine  
  27  5:18  SCV  
  28  5:23  Cyclone  
  30  5:30  Marine, SCV  
  31  5:42  SCV  
  31  5:48  Marine  
  33  5:53  Supply Depot  
  33  5:55  SCV  
  34  6:06  Cyclone  
  34  6:07  SCV  
  34  6:10  Marine  
  39  6:19  SCV  
  39  6:25  Starport  
  40  6:31  SCV  
  41  6:35  Supply Depot  
  41  6:40  Barracks Reactor  
  41  6:43  SCV, Factory Tech Lab  
  42  6:52  Supply Depot  
  42  6:55  SCV  
  43  7:10  SCV  
  44  7:17  Command Center  
  44  7:27  Banshee  
  44  7:29  SCV  
  48  7:39  Cloaking Field  
  48  7:42  SCV  
  48  7:43  Marine  
  50  7:45  Marine, Factory Tech Lab  
  51  7:54  SCV  
  52  8:06  SCV  
  52  8:07  Siege Tank  
  52  8:09  Banshee  
  58  8:15  Marine x2  
  58  8:18  SCV  
  61  8:29  Orbital Command  
  61  8:30  SCV  
  61  8:42  SCV  
  61  8:47  Command Center  
  62  8:55  SCV x2  
  64  8:56  Siege Tank  
  64  9:00  Marine x2  
  69  9:05  Supply Depot  
  69  9:07  SCV  
  69  9:08  SCV  
  71  9:14  Banshee  
  74  9:19  SCV  
  74  9:20  SCV  
  76  9:32  SCV x2  
  76  9:33  Marine  
  76  9:34  Marine  
  76  9:35  Siege Tank  
  83  9:42  Supply Depot  
  83  9:44  SCV, Armory  
  83  9:45  SCV  
  85  9:47  Armory  
  85  9:51  Refinery x2  
  85  9:56  SCV  
  85  9:59  SCV  
  87  10:02  Orbital Command  
  87  10:05  Factory  
  87  10:08  SCV  
  87  10:10  Hellion  
  87  10:11  SCV  
  87  10:12  Factory  
  91  10:20  SCV  
  92  10:23  Banshee, SCV  
  96  10:32  SCV  
  96  10:34  Terran Vehicle Weapons Level 1  
  96  10:35  SCV  
  98  10:43  Terran Vehicle And Ship Armor Level 1  
  98  10:44  SCV  
  98  10:45  Orbital Command  
  98  10:47  SCV  
  100  10:56  SCV  
  97  10:59  SCV  
  97  11:00  Engineering Bay  
  97  11:03  Thor  
  104  11:05  Hellion x2  
  104  11:08  SCV  
  107  11:16  SCV x2  
  107  11:20  SCV  
  91  11:27  Hellion x2  
  91  11:28  SCV  
  91  11:29  SCV  
  79  11:34  SCV  
  79  11:36  Refinery  
  79  11:37  Missile Turret x2, Refinery  
  79  11:39  Starport Reactor  
  82  11:40  SCV  
  82  11:41  Missile Turret, SCV  
  82  11:42  Missile Turret  
  82  11:46  SCV  
  85  11:47  Siege Tank x2  
  85  11:53  SCV x2  
  91  11:55  Missile Turret  
  91  11:58  SCV  
  92  12:02  Hellion  
  92  12:03  Hellion  
  92  12:08  Factory, SCV  
  97  12:12  Factory  
  97  12:16  Supply Depot  
  97  12:19  Supply Depot, Siege Tank  
  97  12:21  Supply Depot, Siege Tank  
  103  12:24  Hellion x2  
  103  12:29  Infernal Pre-Igniter  
  107  12:37  Supply Depot x2  
  107  12:39  SCV  
  107  12:40  SCV  
  109  12:45  Hellion x2  
  111  12:51  Siege Tank  
  111  12:53  Thor, SCV x2  
  111  12:56  Command Center, Factory Tech Lab  
  120  13:02  Hellion x2  
  120  13:05  Missile Turret  
  124  13:06  Terran Vehicle Weapons Level 2  
  124  13:12  Starport Reactor  
  121  13:14  Thor  
  121  13:16  Hellion x2  
  131  13:23  Siege Tank  
  134  13:27  Missile Turret  
  134  13:28  Terran Vehicle And Ship Armor Level 2  
  132  13:34  Hellion x2  
  132  13:37  Siege Tank  
  133  13:47  Hellion x2  
  137  13:56  Hellion x2  
  137  13:58  Supply Depot, Sensor Tower  
  137  13:59  Supply Depot  
  141  14:08  Siege Tank x2  
  145  14:10  Hellion  
  145  14:11  Siege Tank  
  145  14:14  Viking x2  
  150  14:20  Missile Turret  
  150  14:29  Hellion  
  150  14:32  Refinery x2  
  150  14:38  SCV x3  
  144  14:40  Siege Tank  
  144  14:44  Hellion x3  
  152  14:46  Siege Tank x2  
  152  14:47  Viking x2  
  152  14:50  Supply Depot  
  152  14:51  Hellion  
  164  14:54  SCV  
  164  14:55  SCV x2  
  164  15:07  SCV x3  
  165  15:17  Hellion x2  
  165  15:19  Siege Tank, SCV  
  165  15:21  Missile Turret  
  167  15:30  SCV  
  167  15:35  Siege Tank  
  146  15:41  Thor  
  146  15:42  Hellion x2  
  141  15:47  Planetary Fortress  
  141  15:52  SCV x3  
  144  15:57  Hellion  
  144  15:58  Hellion  
  148  16:06  Thor  
  148  16:07  Viking  
  148  16:10  Viking  
  148  16:21  Missile Turret  
  154  16:27  Hellion  
Show
View Real Time Build Order
Export as new Build Order

Scarlett Zerg 

Build Orders: Pool First, Ravager All-In 

Get SALT Encoding   

  12  0:17  Spawning Pool  
  11  0:22  Drone  
  11  0:27  Drone  
  13  0:32  Drone  
  14  0:42  Extractor, Drone  
  14  0:46  Extractor, Drone  
  14  0:56  Overlord  
  14  1:06  Roach Warren  
  14  1:09  Zergling x2  
  14  1:46  Roach x3  
  20  1:57  Overlord  
  22  2:08  Roach  
  22  2:17  Ravager x2  
  22  2:22  Ravager  
  25  2:27  Roach  
  28  2:37  Ravager  
  30  2:44  Roach  
  30  3:11  Overlord  
  26  3:28  Roach x2  
  30  3:45  Roach x2  
  25  3:59  Ravager  
  25  4:00  Ravager x3  
  29  4:07  Roach  
  31  4:15  Ravager  
  32  4:24  Ravager  
  33  4:33  Overlord  
  33  4:39  Ravager  
  34  4:46  Drone  
  34  4:50  Drone  
  36  5:00  Drone x2  
  35  5:10  Roach  
  37  5:19  Spore Crawler  
  35  5:29  Drone x2  
  37  5:42  Drone  
  38  5:56  Hatchery  
  37  6:07  Queen  
  37  6:08  Drone  
  40  6:12  Ravager  
  40  6:14  Drone  
  40  6:18  Overlord  
  42  6:23  Drone  
  43  6:34  Drone  
  44  6:43  Queen  
  44  6:46  Drone  
  47  6:57  Drone  
  48  7:06  Drone  
  48  7:08  Queen  
  51  7:10  Drone  
  52  7:17  Zergling x2  
  52  7:20  Drone, Queen  
  56  7:28  Drone  
  57  7:35  Drone  
  58  7:39  Overlord  
  58  7:43  Drone  
  59  7:51  Drone  
  60  7:56  Queen  
  62  7:59  Drone x6  
  68  8:09  Overlord  
  68  8:11  Overlord  
  67  8:16  Evolution Chamber x2  
  67  8:19  Extractor  
  64  8:25  Roach  
  64  8:26  Lair  
  66  8:32  Drone x5  
  71  8:39  Spore Crawler  
  71  8:40  Drone  
  71  8:42  Drone  
  71  8:43  Drone x2  
  71  8:44  Zerg Missile Weapons Level 1, Zerg Ground Armor Level 1  
  71  8:46  Drone  
  75  8:50  Drone  
  75  8:51  Zergling x2  
  75  8:53  Drone  
  75  8:54  Drone  
  79  9:08  Hatchery  
  75  9:21  Drone x5  
  75  9:23  Overseer  
  80  9:24  Extractor  
  79  9:33  Drone x2  
  79  9:34  Drone  
  79  9:36  Glial Reconstitution  
  79  9:39  Drone x4  
  82  9:50  Drone  
  82  9:52  Overlord x3  
  83  9:53  Overlord  
  83  10:01  Spore Crawler  
  83  10:05  Overlord, Drone x2  
  83  10:14  Queen  
  83  10:18  Overseer  
  83  10:19  Spire  
  83  10:21  Drone x2, Spore Crawler  
  85  10:22  Drone  
  85  10:27  Drone x2  
  88  10:31  Overlord  
  88  10:41  Zerg Missile Weapons Level 2, Zerg Ground Armor Level 2  
  88  10:51  Roach  
  88  10:52  Roach x6  
  102  11:12  Ravager  
  87  11:33  Hatchery, Mutalisk x3  
  87  11:34  Mutalisk x2  
  96  11:41  Drone  
  96  11:43  Drone x2  
  96  11:44  Drone x4  
  103  11:47  Mutalisk  
  103  12:09  Hatchery, Drone x9  
  103  12:12  Extractor  
  103  12:13  Extractor  
  109  12:19  Overlord  
  109  12:20  Overlord  
  109  12:29  Roach  
  115  12:30  Roach x2  
  115  12:31  Overlord  
  115  12:36  Overlord x2  
  115  12:44  Overlord  
  115  12:45  Roach x3  
  121  13:03  Drone x5  
  125  13:07  Spore Crawler  
  125  13:08  Extractor  
  123  13:18  Overlord x4  
  123  13:20  Burrow, Tunneling Claws  
  123  13:21  Zerg Flyer Weapons Level 1  
  123  13:23  Roach x4  
  123  13:25  Extractor  
  130  13:27  Hatchery  
  130  13:31  Drone x2  
  128  13:38  Overlord  
  126  13:42  Roach  
  126  13:43  Roach x8  
  126  13:44  Roach x2  
  148  13:48  Roach  
  148  13:49  Roach  
  148  13:54  Roach x2  
  148  13:55  Roach x2  
  160  14:00  Drone  
  161  14:10  Drone x10  
  161  14:13  Roach x3  
  176  14:19  Infestation Pit  
  176  14:23  Roach x4  
  183  14:26  Roach x17  
  183  14:31  Roach x4  
  181  14:57  Roach x23, Hive  
  175  15:33  Roach x2  
  175  15:34  Mutalisk x4  
  175  15:35  Mutalisk x10  
  137  15:43  Mutalisk x2  
  130  15:52  Mutalisk  
  130  15:55  Zergling x30  
  147  16:00  Extractor  
Tags
 
Add a new tag
Caveats
  • Supply blocks, unpowered buildings, or Contaminate may cause inaccurate times.
  • Supply counts are checked every 10 seconds.